Cogmind - Beta 14 @@@ ROGUE MODE // 2024.12.08 @ 19:32:51 Player: Mathewnd Result: Destroyed by 8R-AWN with 8R-AWN's Boregun Performance ------------- Evolutions (1) 500 Regions Visited (4) 800 Robots Destroyed (73) 365 Value Destroyed (1696) 1696 Prototype IDs (1) 20 Alien Tech Used (0) 0 Bonus (406) 406 TOTAL SCORE: 3787 Bonus ------- High Alert Combat Kills 427 Friendly Fire -21 Cogmind --------- Core Integrity 0/400 Matter 245/300 Energy 100/100 System Corruption 3% Temperature Cool (0) Movement Core (350) Ox6 Location -9/Exiles Parts ------- > --- POWER (1) -------- (None) > --- PROPULSION (4) --- (None) > --- UTILITY (2) ------ Large Storage Unit Improved Signal Interpreter > --- WEAPON (2) ------- Mini Grenade Launcher > --- INVENTORY (15) --- Sensor Array Improved Targeting Computer Light Armor Plating Medium Armor Plating Medium Armor Plating Medium Armor Plating Heavy EM Pulse Gun Small Laser Beam Rifle Particle Gun Datajack Peak State ------------ > --- POWER ------------ (None) > --- PROPULSION ------- Improved Treads Improved Treads Improved Treads Improved Treads > --- UTILITY ---------- Large Storage Unit Improved Targeting Computer > --- WEAPON ----------- Improved Assault Rifle Improved Assault Rifle > --- INVENTORY -------- Sensor Array Improved Signal Interpreter Improved Targeting Computer Medium Armor Plating Medium Armor Plating Medium Armor Plating EM Pulse Gun Light Assault Rifle Mini Grenade Launcher Datajack [Rating: 18] Favorites ----------- Power Light Ion Engine Engine Light Ion Engine Propulsion Light Treads Treads Light Treads Wheel Wheel Utility Large Storage Unit Storage Large Storage Unit Processor Improved Targeting Computer Weapon Mini Grenade Launcher Energy Gun EM Pulse Gun Ballistic Gun Light Assault Rifle Launcher Mini Grenade Launcher Build | -11 -10 -9 -9 -9 ------- Run | Yrd Mat Mat Min Exi Slots Evolved 2 | . . 2 . . Power . | . . . . . Propulsion 2 | . . 2 . . Utility . | . . . . . Weapon . | . . . . . Parts Attached 42 | 7 3 31 1 . Power 2 | 1 . 1 . . Engine 2 | 1 . 1 . . Core . | . . . . . Reactor . | . . . . . Propulsion 13 | 2 2 9 . . Treads 12 | 2 2 8 . . Leg . | . . . . . Wheel 1 | . . 1 . . Hover . | . . . . . Flight . | . . . . . Utility 5 | 1 1 2 1 . Device . | . . . . . Storage 3 | 1 . 2 . . Processor 2 | . 1 . 1 . Hackware . | . . . . . Protection . | . . . . . Artifact . | . . . . . Weapon 22 | 3 . 19 . . Energy Gun 3 | 1 . 2 . . Energy Cannon . | . . . . . Ballistic Gun 12 | 2 . 10 . . Ballistic Cannon . | . . . . . Launcher 7 | . . 7 . . Special Weapon . | . . . . . Impact Weapon . | . . . . . Slashing Weapon . | . . . . . Piercing Weapon . | . . . . . Special Melee Weapon . | . . . . . Unidentified Prototypes . | . . . . . Parts Lost 18 | . . 14 1 3 Power 2 | . . 2 . . Propulsion 10 | . . 7 1 2 Utility . | . . . . . Weapon 6 | . . 5 . 1 Highest Loss Streak 3 | . . 3 1 3 To Critical Strikes 2 | . . 1 . 1 Average Slot Usage (%) 74 | . 99 73 73 66 Engine 2 | . 14 2 . . Treads 26 | . 28 25 29 22 Wheel 1 | . . 2 . . Storage 11 | . 14 11 11 11 Processor 11 | . 13 11 11 11 Ballistic Gun 10 | . 28 14 . . Launcher 10 | . . 4 22 22 Peak Build Rating 18 | 6 11 18 12 11 Average Rating 11 | 4 9 12 11 10 On Entrance 8 | . 6 11 12 11 Naked Turns . | . . . . . Heaviest Build 26 | 11 10 26 22 22 Greatest Support 92 | 40 46 92 60 40 Greatest Overweight (x) 8 | . . 8 . . Average Overweight (x) . | . . . . . Largest Inventory Capacity 15 | 8 8 15 15 15 Average Capacity 13 | 7 8 14 15 15 Most Carried 14 | 6 7 14 12 11 Average Carried 10 | 4 5 10 11 11 Final Capacity 15 | 8 8 15 15 15 Final Carried 12 | 6 7 12 11 11 Class Distribution -------------------- 100% | Mutant Dominant Class ---------------- Mutant | -10/Materials Mutant | -9/Materials Mutant | -9/Mines Mutant | -9/Exiles Resources | -11 -10 -9 -9 -9 ----------- Run | Yrd Mat Mat Min Exi Matter Collected 1357 | 231 13 948 165 . Remotely . | . . . . . Salvage Created 1926 | 27 13 1851 35 . Parts 152 | 4 3 145 . . Haulers Intercepted 4 | . . 4 . . Recyclers Shooed 1 | . . 1 . . Parts Field Recycled . | . . . . . Retrieved Matter . | . . . . . Parts Self-Destructed . | . . . . . Prevented . | . . . . . Kills | -11 -10 -9 -9 -9 ------- Run | Yrd Mat Mat Min Exi Combat Hostiles Destroyed 56 | . . 45 11 . Guns 22 | . . 22 . . AOE 34 | . . 23 11 . Classes Destroyed 14 | 1 1 10 2 . Worker 9 | . . 9 . . Builder 8 | . . 8 . . Tunneler 3 | 1 . 2 . . Hauler 4 | . . 4 . . Recycler 1 | . . 1 . . Mechanic 1 | . . 1 . . Operator 1 | . . 1 . . Watcher 4 | . 1 3 . . Swarmer 6 | . . 6 . . Grunt 29 | . . 29 . . Brawler 1 | . . 1 . . Sentry 9 | . . 9 . . Demolisher 1 | . . . 1 . Assembled 10 | . . . 10 . Best Kill Streak 10 | 1 1 10 9 . Combat Bots Only 9 | . . 5 9 . Max Kills in Single Turn 5 | 1 1 5 4 . Gunslinging . | . . . . . Exploded 4 | . . 4 4 . Melee . | . . . . . Uniques/NPCs Destroyed . | . . . . . Combat | -11 -10 -9 -9 -9 -------- Run | Yrd Mat Mat Min Exi Hostile Shots Fired 221 | . . 187 7 27 Missed 58 | . . 48 . 10 Damage Taken 2320 | . . 1807 225 288 Core 411 | . . 316 23 72 Absorbed by Shields . | . . . . . Core Remaining (%) 100 | 100 100 . . . Volleys Fired 141 | 6 3 120 8 4 Largest 2 | 2 2 2 2 2 Hottest 70 | 40 40 70 60 60 Shots Fired 253 | 12 6 212 16 7 Gun 200 | 12 6 182 . . Cannon . | . . . . . Launcher 53 | . . 30 16 7 Special . | . . . . . Kinetic 192 | 12 6 174 . . Thermal . | . . . . . Explosive 53 | . . 30 16 7 Electromagnetic 8 | . . 8 . . Robot Hit Streak 23 | 3 3 23 2 5 Robot Miss Streak 3 | 2 1 3 3 1 Penetration Max . | . . . . . Secondary Targets 2 | . . 2 . . Max Gunslinging Chain 1 | . . 1 . . Shots Hit Robots 165 | 8 3 144 4 6 Core Hits 154 | 2 2 130 17 3 Critical Kills . | . . . . . Critical Parts Destroyed 3 | . . 3 . . Critical Strikes 3 | . . 3 . . Destroy 3 | . . 3 . . Melee Attacks . | . . . . . Impact . | . . . . . Slashing . | . . . . . Piercing . | . . . . . Sneak Attacks . | . . . . . Combat Hostiles . | . . . . . Follow-up Attacks . | . . . . . Damage Inflicted 5506 | 69 22 4736 649 30 Guns 1490 | 69 22 1399 . . Cannons . | . . . . . Explosions 3989 | . . 3324 635 30 Melee . | . . . . . Ramming 27 | . . 13 14 . Kinetic 1418 | 69 22 1327 . . Thermal 106 | . . 106 . . Explosive 3883 | . . 3218 635 30 Electromagnetic 72 | . . 72 . . Impact . | . . . . . Slashing . | . . . . . Piercing . | . . . . . Highest Corruption 3 | . . . . 3 Average Corruption 3 | . . . . 3 Corruption Purged . | . . . . . Corruption Blocked . | . . . . . Overload Shots . | . . . . . Overflow Damage 105 | . . 24 81 . Projectiles . | . . . . . Explosions 105 | . . 24 81 . Melee . | . . . . . Knockbacks . | . . . . . Impact . | . . . . . Kinetic . | . . . . . Secondary . | . . . . . Self-Inflicted Damage 116 | . . 76 40 . Shots 6 | . . 4 2 . Rammed 5 | . . 1 4 . Targets Rammed 5 | . . 1 4 . Kicked . | . . . . . Crushed . | . . . . . Highest Temperature 13 | . . 13 . . Average Temperature 4 | . . 4 . . Received Heat Transfer 579 | . . 579 . . Siege Activations . | . . . . . Robots Corrupted . | . . . . . Combat Hostiles . | . . . . . Parts Fried . | . . . . . Impact Corruptions . | . . . . . Robots Melted . | . . . . . Combat Hostiles . | . . . . . Parts Melted . | . . . . . Heat Transferred 50 | . . 50 . . Parts Sabotaged . | . . . . . Parts Stolen . | . . . . . Parts Stripped . | . . . . . Power Chain Reactions 1 | . . 1 . . Alert | -11 -10 -9 -9 -9 ------- Run | Yrd Mat Mat Min Exi Peak Influence 1061 | 5 25 1061 506 . Initial 413 | . 3 10 413 . Average 493 | . 9 658 315 . Maximum Alert Level 3 | . . 3 2 . Low Security (%) 25 | 100 100 12 26 . Level 1 16 | . . 8 36 . Level 2 33 | . . 36 36 . Level 3 25 | . . 41 . . Level 4 . | . . . . . Level 5 . | . . . . . High Security . | . . . . . Max Security . | . . . . . Squads Dispatched 5 | . . 5 . . Investigation 2 | . . 2 . . Extermination . | . . . . . Reinforcement 1 | . . 1 . . Assault 2 | . . 2 . . Garrison . | . . . . . Intercept . | . . . . . Searches Triggered . | . . . . . Construction Impeded . | . . . . . Haulers Reinforced . | . . . . . Active Scanning Responses . | . . . . . Cargo Convoy Interrupts . | . . . . . Stealth | -11 -10 -9 -9 -9 --------- Run | Yrd Mat Mat Min Exi Distress Signals 3 | . . 3 . . Communications Jammed . | . . . . . Distress Signals . | . . . . . Times Spotted 93 | . 1 73 11 8 Peak Tracking Total 9 | . 1 5 6 9 Tactical Retreats 8 | . . 8 . . Traps | -11 -10 -9 -9 -9 ------- Run | Yrd Mat Mat Min Exi Traps Triggered 1 | . . 1 . . Indirectly . | . . . . . Trap Hack Attempts . | . . . . . Triggered . | . . . . . Disarmed . | . . . . . Reprogrammed . | . . . . . Reused . | . . . . . Traps Extracted . | . . . . . Installed . | . . . . . Triggered . | . . . . . Machines | -11 -10 -9 -9 -9 ---------- Run | Yrd Mat Mat Min Exi Machines Disabled 8 | . . 6 . 2 Max in Single Turn 2 | . . 1 . 2 Machines Repaired . | . . . . . Machines Dismantled . | . . . . . Machines Sabotaged . | . . . . . Overloaded Fab Kills . | . . . . . Hacking | -11 -10 -9 -9 -9 --------- Run | Yrd Mat Mat Min Exi Machines Accessed 13 | . 2 11 . . Terminals 11 | . 2 9 . . Fabricators . | . . . . . Repair Stations . | . . . . . Recycling Units 1 | . . 1 . . Scanalyzers 1 | . . 1 . . Garrison Access . | . . . . . Total Hacks 32 | . 6 26 . . Successful 20 | . 4 16 . . Failed 12 | . 2 10 . . Catastrophic 3 | . . 3 . . Database Lockouts . | . . . . . Manual 3 | . . 3 . . Terminals 28 | . 6 22 . . Fabricators . | . . . . . Repair Stations . | . . . . . Recycling Units 3 | . . 3 . . Scanalyzers 1 | . . 1 . . Garrison Access . | . . . . . Terminal Hacks 16 | . 4 12 . . Record 2 | . . 2 . . Robot Analysis 1 | . . 1 . . Branch Access Points 1 | . 1 . . . Repair Station Index 1 | . 1 . . . Alert Level 4 | . . 4 . . Locate Traps 3 | . 1 2 . . Registered Components 1 | . . 1 . . Zone Layout 3 | . 1 2 . . Fabricator Hacks . | . . . . . Repair Station Hacks . | . . . . . Recycling Unit Hacks 3 | . . 3 . . Report Inventory 1 | . . 1 . . Retrieve Components 2 | . . 2 . . Scanalyzer 1 | . . 1 . . Insert Component 1 | . . 1 . . Garrison Access Hacks . | . . . . . Unauthorized Hacks . | . . . . . Terminals . | . . . . . Fabricators . | . . . . . Repair Stations . | . . . . . Recycling Units . | . . . . . Scanalyzers . | . . . . . Garrison Access . | . . . . . Data Cores Recovered . | . . . . . Used . | . . . . . Hacking Detections 9 | . 1 8 . . Full Trace Events 4 | . . 4 . . Feedback Events . | . . . . . Feedback Blocked . | . . . . . Robot Schematics Acquired . | . . . . . Robots Built . | . . . . . Authchips . | . . . . . Time . | . . . . . Total Robot Build Rating . | . . . . . Part Schematics Acquired . | . . . . . Parts Built . | . . . . . Authchips . | . . . . . Time . | . . . . . Total Part Build Rating . | . . . . . Parts Repaired . | . . . . . Time . | . . . . . Parts Recycled . | . . . . . Recycled Matter . | . . . . . Retrieved Matter . | . . . . . Retrieved Components 10 | . . 10 . . Parts Scanalyzed . | . . . . . Part Schematics Acquired . | . . . . . Parts Damaged . | . . . . . Bothacking | -11 -10 -9 -9 -9 ------------ Run | Yrd Mat Mat Min Exi Used RIF Installer . | . . . . . Robots Hacked . | . . . . . Non-combat . | . . . . . Combat . | . . . . . Robot Hacks Applied . | . . . . . Relay Couplers Released . | . . . . . Fabnet Peak Effective % . | . . . . . Robots Rewired . | . . . . . Allies Hacked . | . . . . . Hacks Repelled . | . . . . . Allies | -11 -10 -9 -9 -9 -------- Run | Yrd Mat Mat Min Exi Total Allies 3 | . . . 3 . Largest Group 3 | . . . 3 . Highest-Rated Group 40 | . . . 40 . Highest-Rated Ally 16 | . . . 16 . Total Orders . | . . . . . Ally Attacks 3 | . . . 3 . Total Damage 30 | . . . 30 . Kills . | . . . . . Allies Corrupted . | . . . . . Allies Melted . | . . . . . Intel | -11 -10 -9 -9 -9 ------- Run | Yrd Mat Mat Min Exi Robot Analysis Total 1 | . . 1 . . Derelict Logs Recovered 1 | . . . 1 . Drone Launches . | . . . . . Drone Recoveries . | . . . . . Exploration | -11 -10 -9 -9 -9 ------------- Run | Yrd Mat Mat Min Exi Turns Passed 4044 | 143 238 2296 1084 283 Spaces Moved 2128 | 73 135 1093 657 170 Core 14 | 7 . 7 . . Treads 2033 | 66 135 1005 657 170 Legs . | . . . . . Wheels 81 | . . 81 . . Hover . | . . . . . Flight . | . . . . . Fastest Speed 50 | 50 160 110 160 160 Average Speed 166 | 149 160 173 160 160 Slowest Speed 450 | 160 160 450 160 160 Overloaded Moves . | . . . . . Propulsion Burnouts . | . . . . . Robots Hopped . | . . . . . Cave-ins Triggered . | . . . . . Exploration Rate (%) 47 | 5 26 93 74 39 Regions Visited 4 Branch Regions 2 Pre-discovered Areas 1 | . . . 1 . Known Exits Taken 1 | . . . 1 . Unknown Exits Taken 3 | 1 1 1 . . Scrap Searched 2 | . . . 2 . Spaces Dug . | . . . . . Terrain Destroyed 348 | . . 158 138 52 Melee . | . . . . . Projectile . | . . . . . AOE 348 | . . 158 138 52 Terrain Rammed . | . . . . . Walls Destroyed . | . . . . . Machines Disabled . | . . . . . Actions | -11 -10 -9 -9 -9 --------- Run | Yrd Mat Mat Min Exi Total 2397 | 98 154 1300 671 174 Wait 28 | . . 26 2 . Move 2124 | 72 134 1092 656 170 Hop . | . . . . . Pick Up 45 | 12 8 25 . . Fast Attach . | . . . . . Attach 26 | 7 1 18 . . Detach 2 | 1 . 1 . . Swap 16 | . 2 13 1 . Drop 10 | . 6 4 . . Fire 141 | 6 3 120 8 4 Melee . | . . . . . Ram . | . . . . . Kick . | . . . . . Crush 5 | . . 1 4 . Escape Stasis . | . . . . . Rewire . | . . . . . Trap . | . . . . . Miscellaneous . | . . . . . Route ------- -11/Scrapyard -10/Materials (discovered 3 exits: *Mat / Min x2) -9/Materials (discovered 4 exits: *Mat x3 / [*Min]) -9/Mines (discovered 2 exits: *Mat / *Exi) -9/Exiles (discovered 1 exit: [*Min]) History --------- Turn | Location | Event 6 | -11/Scrapyard | Discovered new exit (range 13) 144 | -11/Scrapyard | Entered Materials 316 | -10/Materials | Build established: Mutant 320 | -10/Materials | Discovered new exit (range 16) 364 | -10/Materials | Identified exit to Mines 382 | -10/Materials | Entered another Materials area 382 | -9/Materials | Evolved 2 slots: Propulsion x2 805 | -9/Materials | Discovered new exit (range 7) 1123 | -9/Materials | Lost 3 parts (3n) 1131 | -9/Materials | Discovered new exit (range 4) 1351 | -9/Materials | Discovered new exit (range 16) 1831 | -9/Materials | Core integrity fell below 50% 1932 | -9/Materials | Discovered new exit (range 16) 1982 | -9/Materials | First assault squad dispatched 2039 | -9/Materials | Lost 3 parts (3w) 2678 | -9/Materials | Entered Mines 2774 | -9/Mines | Assembled infested the area 2776 | -9/Mines | Learned location of Storage (-7) 2803 | -9/Mines | A weapon hastily lodged in a ceiling crevice suddenly fell to the ground 2819 | -9/Mines | Core integrity fell below 20% 2851 | -9/Mines | Destroyed 9 combat bots 2941 | -9/Mines | Found a hidden stash of uninstalled traps 3112 | -9/Mines | Assisted by bots powering up and referring to "LRC-V3" 3295 | -9/Mines | Discovered new exit (range 6) 3303 | -9/Mines | Identified exit to Materials 3334 | -9/Mines | Deemed a non-threat by the Exiles lab entrance 3334 | -9/Mines | Discovered new exit (range 5) 3338 | -9/Mines | Identified exit to Exiles 3438 | -9/Mines | Lost 3 allies 3762 | -9/Mines | Entered Exiles 3791 | -9/Exiles | Discovered new exit (range 15) 3804 | -9/Exiles | Met 8R-AWN 3830 | -9/Exiles | Met EX-HEX 3879 | -9/Exiles | Met EX-BIN 4034 | -9/Exiles | Attacked by the Exiles 4045 | -9/Exiles | Destroyed by 8R-AWN with 8R-AWN's Boregun Last Messages --------------- HV Slug penetrates Wall. The unstable cave ceiling collapses. HV Slug penetrates Wall. The unstable cave ceiling collapses. Penetrated by HV Slug. HV Slug penetrates Wall. Penetrated by HV Slug. HV Slug penetrates Wall. Penetrated by HV Slug. HV Slug penetrates Wall. Lgt. Treads destroyed. Mni. Grenade Launcher destroyed. System corrupted by crushing effect (+3). Penetrated by HV Slug. HV Slug penetrates Wall. Penetrated by HV Slug. Critical hit (Destroy). Lgt. Treads destroyed. HV Slug penetrates Wall. Penetrated by HV Slug. Map ----- +----------------------------------------------------+ | """??????????????????????????????????????????????? | | """??????????????????????????????????????????????? | | """??????????????????????????????????????????????? | | """??????????????????????????????????????????????? | | """??????????????????????????????????????????????? | | """??????????????????????????????????????????????? | | """??????????????????????????????????????????????? | | #?????????????????????????????????????????????? | | """#?????????????????????????????????????????????? | | ?###?????????????????????????????????????????????? | | ?????????????????????????????????????????????????? | | ?????????????????????????????????????????????????? | | ???????????????????????????????????????????????